 Dungeon Crawl Stone Soup version 0.28.0-53-g5a82cb258f (webtiles) character file.

Game seed: 2992207958819479807

108 DemonSlayer the Firebug (level 4, -1/31 HPs)
             Began as a Demonspawn Fire Elementalist on July 28, 2022.
             Slain by an orc
             ... wielding a +0 club
              (5 damage)
             ... on level 3 of the Dungeon.
             The game lasted 00:04:39 (3104 turns).

DemonSlayer the Firebug (DsFE)                      Turns: 3104, Time: 00:04:40

Health: -1/31      AC:  5    Str: 14    XL:     4   Next: 58%
Magic:  1/8        EV: 12    Int: 18    God:
Gold:   83         SH:  0    Dex: 14    Spells: 2/8 levels left

rFire   . . .      SeeInvis .   j - +3 spear (vorpal)
rCold   . . .      Faith    .   (no shield)
rNeg    . . .      Spirit   .   a - +0 robe
rPois   .          Reflect  .   d - +2 helmet
rElec   .          Harm     .   (no cloak)
rCorr   .          Rampage  .   (no gloves)
Will    .....                   (no boots)
Stlth   ++........              (no amulet)
HPRegen 0.10/turn               h - +6 ring of strength
MPRegen 0.11/turn               (no ring)

@: hasted, very quick
A: spiny 1, demonic touch 1
a: no special abilities


You were on level 3 of the Dungeon.
You visited 1 branch of the dungeon, and saw 3 of its levels.

You collected 83 gold pieces.

Inventory:

Hand Weapons
 b - a +0 dagger
 i - a +0 rapier
 j - a +3 vorpal spear (weapon)
Missiles
 k - 21 sling bullets
Armour
 a - a +0 robe (worn)
 d - a +2 helmet (worn)
Jewellery
 h - a +6 ring of strength (left hand)
Scrolls
 c - a scroll of fear
 e - a scroll of teleportation
Potions
 f - a potion of berserk rage {unknown}
 g - a potion of haste


   Skills:
 + Level 0.5 Fighting
 + Level 1.0 Polearms
 + Level 1.9 Dodging
 + Level 2.1 Stealth
 + Level 2.9 Spellcasting
 + Level 1.4 Conjurations
 + Level 3.5 Fire Magic


You had 2 spell levels left.
You knew the following spells:

 Your Spells              Type           Power      Damage    Failure   Level
a - Foxfire               Conj/Fire      44%        2x1d6     6%          1
b - Scorch                Fire           30%        2d7       6%          2
c - Conjure Flame         Conj/Fire      11%        6-21      17%         3

Your spell library contained the following spells:

 Spells                   Type           Power      Damage    Failure   Level
 Inner Flame              Hex/Fire       9%         N/A       24%         3
 Flame Wave               Conj/Fire      11%        2d5       50%         4


Dungeon Overview and Level Annotations

Branches:
Dungeon (3/15)

Altars:


Innate Abilities, Weirdness & Mutations

You are partially covered in sharp spines.
Your touch may inflict minor irresistible damage on your foes.


Message History

An orc comes into view. It is wielding a +0 club.
The orc is struck by your spines. The orc closely misses you.
The orc shouts!
You hit the orc but do no damage.
The orc is severely wounded.
The orc hits you but does no damage.
The orc is no longer more vulnerable to fire.
The orc closely misses you.
Flames lash the orc but do no damage.
The orc closely misses you.
You puncture the orc!
You kill the orc!
You hit the orc.
The orc is almost dead.
The orc misses you.
The orc priest casts a cantrip, but nothing happens.
You hit the orc but do no damage.
You touch the orc.
You kill the orc!
You barely miss the orc priest.
The orc priest is struck by your spines.
The orc priest misses you.
You hit the orc priest.
The orc priest is moderately wounded.
The orc priest mumbles some strange prayers to Beogh against you.
Pain shoots through your body!
You feel yourself speed up.
The orc priest is struck by your spines.
The orc priest hits you with a +0 flail.
* * * LOW HITPOINT WARNING * * *
You hit the orc priest. Your touch misses the orc priest.
The orc priest is severely wounded.
The orc priest hits you but does no damage.
You hit the orc priest.
You touch the orc priest.
You kill the orc priest!
Your Polearms skill increases to level 1!
The orc is struck by your spines. The orc closely misses you.
Items here: ))) [[ †.
You hit the orc. Your touch misses the orc.
The orc is heavily wounded.
The orc hits you with a +0 club.
You die...

# #.##########
#..........#
#.......)..######
#.......)........
#..............^.
#.......$......#
#..............#
#........o.....#
......#####@#....#
.?.... #.#....#
....... #.# +
....).. #.# .....
###


You could see an orc.

Vanquished Creatures
  An orc priest (D:3)
  2 adders (D:3)
  2 worms (D:2)
  3 dart slugs
  3 orcs (D:3)
  3 bats
  3 endoplasms
  A giant cockroach (D:1)
  3 goblins (D:1)
  A hobgoblin (D:2)
  5 jackals
  8 kobolds
  3 quokkas (D:2)
  4 ball pythons
  2 frilled lizards (D:1)
  2 rats
46 creatures vanquished.

Vanquished Creatures (others)
  43 foxfires
43 creatures vanquished.

Grand Total: 89 creatures vanquished

Notes
Turn   | Place    | Note
-------+----------+-------------------------------------------
     0 | D:1      | DemonSlayer the Demonspawn Fire Elementalist began the
                  | quest for the Orb.
     0 | D:1      | Reached XP level 1. HP: 13/13 MP: 3/3
   564 | D:1      | Gained mutation: Your touch may inflict minor irresistible
                  | damage on your foes. [demonic ancestry]
   564 | D:1      | Reached XP level 2. HP: 19/19 MP: 1/5
   567 | D:1      | Learned a level 2 spell: Scorch
   628 | D:1      | Found a faded altar of an unknown god.
   652 | D:1      | Reached skill level 3 in Fire Magic
  1717 | D:2      | Reached XP level 3. HP: 22/25 MP: 1/6
  2524 | D:2      | Learned a level 3 spell: Conjure Flame
  2774 | D:3      | Gained mutation: You are partially covered in sharp spines.
                  | [demonic ancestry]
  2774 | D:3      | Reached XP level 4. HP: 31/31 MP: 0/7
  3103 | D:3      | Reached skill level 1 in Polearms
  3104 | D:3      | Slain by an orc

Illustrated notes

Levels and vault maps discovered:
D:1:      mrwooster_arrival_statue_3, layout_basic,
          hellmonk_ecumenical_altar_inner_sanctum
D:2:      layout_basic, nicolae_wormholes
D:3:      layout_basic, tgw_xom, hangedman_decor_push, minmay_misc_feat_five,
          uniq_sigmund

Skill      XL: |  1  2  3  4 |
---------------+-------------+-----
Fire Magic     | 3 |  3.5
Stealth        | 2 |  2.1
Polearms       | 1 |  1.0
Fighting       | |  0.5
Dodging        | |  1.9
Spellcasting   | |  2.9
Conjurations   | |  1.4

Action                   |  1- 3 |  4- 6 || total
-------------------------+-------+-------++-------
Melee: Dagger            |    13 |       ||    13
       Rapier            |    18 |       ||    18
       Spear             |    23 |    11 ||    34
       Touch             |     5 |     3 ||     8
 Cast: Foxfire           |    29 |       ||    29
       Scorch            |    20 |     9 ||    29
  Use: Scroll            |     5 |       ||     5
       Potion            |       |     1 ||     1
 Stab: Sleeping          |     2 |       ||     2
Armor: Robe              |    20 |     2 ||    22
Dodge: Dodged            |    40 |     7 ||    47
